 Dungeon Crawl Stone Soup version 0.18-a0-1312-gf98331d (webtiles) character file.

457 Grap the Cudgeler (level 7, -2/40 HPs)
             Began as a Gargoyle Gladiator on Feb 14, 2016.
             Killed by divine providence
             ... invoked by an orc priest
              (13 damage)
             ... on level 4 of the Dungeon.
             The game lasted 00:06:36 (3162 turns).

Grap the Cudgeler (Gargoyle Gladiator)              Turns: 3162, Time: 00:06:36

Health: -2/40      AC:  9    Str: 19    XL:     7   Next: 6%
Magic:  7/7        EV: 13    Int: 11    God:
Gold:   117        SH:  0    Dex: 12    Spells: 0 memorised, 6 levels left

rFire  . . .     SeeInvis .     a - +0 flail
rCold  + . .     Gourm    .     n - +0 leather armour
rNeg   + . .     Faith    .     (no shield)
rPois  ∞         Spirit   .     c - +0 helmet
rElec  +         Dismiss  .     (no cloak)
rCorr  .         Reflect  .     (no gloves)
SustAt .         Harm     .     (no boots)
MR     .....                    (no amulet)
Stlth  +.........               k - ring of protection from cold
                                i - +3 ring of intelligence

@: not resistant to hostile enchantments, very unstealthy
A: negative energy resistance 1, electricity resistance, unbreathing,
petrification resistance, rot immunity, AC +4
a: no special abilities


You were on level 4 of the Dungeon.
You were not hungry.

You visited 1 branch of the dungeon, and saw 4 of its levels.

You collected 117 gold pieces.

Inventory:

Hand Weapons
 a - a +0 flail (weapon)
 b - a +1 hunting sling of freezing
Missiles
 d - 3 throwing nets (quivered)
 h - 54 stones
 q - 10 tomahawks of returning
Armour
 c - a +0 helmet (worn)
 n - a +0 leather armour (worn)
 p - a troll hide {Purgy}
 v - a +0 pair of boots
Jewellery
 i - a +3 ring of intelligence (left hand)
 k - a ring of protection from cold (right hand)
Scrolls
 g - 4 scrolls of remove curse
Potions
 e - a potion of mutation {unknown}
 l - a potion of might
 r - a potion of berserk rage
 s - a potion of agility
 t - a potion of cure mutation
Books
 u - a book of Clouds

   Spells                             Type                      Level
   a - Mephitic Cloud                 Conjuration/Poison/Air       3
   b - Conjure Flame                  Conjuration/Fire             3
   c - Poisonous Cloud                Conjuration/Poison/Air       6
   d - Freezing Cloud                 Conjuration/Ice/Air          6
   e - Ring of Flames                 Charms/Fire                  7
Comestibles
 f - 3 bread rations
 j - a slice of pizza
 m - 4 meat rations
 o - 2 chunks of flesh


   Skills:
 - Level 2.9 Fighting
 + Level 6.1 Maces & Flails
 - Level 2.0 Throwing
 - Level 2.0 Armour
 - Level 3.8 Dodging


You had 6 spell levels left.
You didn't know any spells.

Dungeon Overview and Level Annotations

Branches:
Dungeon (4/15)
 Temple: D:4-7

Altars:


Innate Abilities, Weirdness & Mutations

You are resistant to torment.
Your stone body is resilient (AC +4).
You are immune to poison.
You resist negative energy.
You are resistant to electric shocks.
You can survive without breathing.
You are immune to petrification.
You are immune to rotting.


Message History

The orc priest invokes the aid of Beogh against you.
Something smites you!
You closely miss the orc priest. Something hits you but does no damage.
The orc hits you but does no damage. The orc priest barely misses you.
You closely miss the orc priest.
You hear some strange, mumbled words.
A puff of flame appears from out of thin air!
The puff of flame hits you!
* * * LOW HITPOINT WARNING * * *
The orc hits you but does no damage. The orc priest closely misses you.
Something hits you but does no damage.
You completely miss the orc priest. The orc hits you but does no damage.
You hear some strange, mumbled words.
The orc priest completely misses you.
You barely miss the orc priest. Something hits you but does no damage.
The orc hits you but does no damage.
You closely miss the orc priest. Something hits you but does no damage.
The orc priest mumbles some strange prayers to Beogh against you.
Something smites you!
You die...

#.....######
.#.#..).... #
#.....####<. #.
#......###.#
.##.###
#.....#.##.#
....... ##.#.#
#...#.# .......
..###.##......
......o###.#
#.#......
.....o{@..##
##.......
......o###.##
##........
......>
##.###.#.......
.......
###.#.##.......
###.###
#....#####.#...
#. #.####
#..... # #.
#.#.#( # #.#.#.
.# #


You could see an orc priest and 2 orcs.

Vanquished Creatures
  The ghost of cable2999 the Conjurer, an amateur DECj of Vehumet (D:4)
  Purgy (D:3)
  A giant frog skeleton (D:4)
  An orc wizard (D:3)
  Robin (D:3)
  4 gnolls
  5 adders
  An ooze (D:2)
  An adder zombie (D:1)
  2 worms (D:3)
  3 giant geckos
  4 orcs
  8 bats
  4 giant cockroaches
  10 goblins
  11 hobgoblins
  10 jackals
  A quokka (D:3)
  A ball python zombie (D:1)
  6 giant newts
  6 kobolds
  5 rats
87 creatures vanquished.

Notes
Turn   | Place    | Note
--------------------------------------------------------------
     0 | D:1      | Grap the Gargoyle Gladiator began the quest for the Orb.
     0 | D:1      | Reached XP level 1. HP: 12/12 MP: 1/1
    63 | D:1      | Reached XP level 2. HP: 13/18 MP: 2/2
   416 | D:1      | Reached XP level 3. HP: 11/22 MP: 3/3
  1411 | D:2      | Reached XP level 4. HP: 27/27 MP: 4/4
  1735 | D:3      | Noticed Purgy
  1759 | D:3      | Killed Purgy
  1759 | D:3      | Reached skill level 1 in Armour
  1759 | D:3      | Reached XP level 5. HP: 10/32 MP: 5/5
  1761 | D:3      | Reached skill level 4 in Maces & Flails
  2258 | D:3      | Noticed Robin
  2265 | D:3      | Killed Robin
  2288 | D:3      | Found a faded altar to an unknown god.
  2402 | D:3      | Reached XP level 6. HP: 31/36 MP: 6/6
  2849 | D:4      | Reached skill level 5 in Maces & Flails
  2891 | D:4      | Noticed cable2999's ghost (amateur DECj)
  2899 | D:4      | Killed cable2999's ghost
  2952 | D:4      | Reached skill level 6 in Maces & Flails
  2952 | D:4      | Reached XP level 7. HP: 21/40 MP: 7/7
  3162 | D:4      | Killed from afar by an orc priest

Vault maps used:
D:1:      saegor_arrival_fortress
D:2:      serial_bayou_pond_c, kennysheep_small_spiral
D:3:      ecumenical_altar_1, uniq_purgy, uniq_robin
D:4:      first_bread

Action                   |  1- 3 |  4- 6 |  7- 9 || total
-------------------------+-------+-------+-------++-------
Melee: Flail             |   119 |   186 |    31 ||   336
  Use: Potion            |       |     2 |       ||     2
       Scroll            |       |     6 |       ||     6
  Eat: Chunk             |     2 |     5 |     1 ||     8
